 Dungeon Crawl Stone Soup version 0.27.0-1-g7a089689b8 (webtiles) character file.

Game seed: 4870572727600887994

76 Spaninq the Skirmisher (level 4, 37/38 HPs)
             Began as a Gnoll Wanderer on Aug 13, 2021.
             Quit the game on level 3 of the Dungeon.
             The game lasted 00:07:55 (3492 turns).

Spaninq the Skirmisher (Gnoll Wanderer)             Turns: 3492, Time: 00:07:55

Health: 37/38      AC:  6    Str: 10    XL:     4   Next: 32%
Magic:  8/8        EV: 10    Int: 12    God:
Gold:   72         SH:  0    Dex: 13    Spells: 7/9 levels left

rFire    . . .     SeeInvis .   a - +0 spear
rCold    . . .     Faith    .   (no shield)
rNeg     . . .     Spirit   .   d - +1 ring mail
rPois    .         Reflect  .   (no helmet)
rElec    .         Harm     .   (no cloak)
rCorr    .         Rampage  .   (no gloves)
Will     .....                  (no boots)
Stlth    +.........             (no amulet)
HPRegen  0.12/turn              (no ring)
MPRegen  0.11/turn              (no ring)

@: no status effects
A: fangs 1, strong nose, distributed training
a: no special abilities


You were on level 3 of the Dungeon.
You visited 1 branch of the dungeon, and saw 3 of its levels.

You collected 72 gold pieces.

Inventory:

Hand Weapons
 a - a +0 spear (weapon)
 h - a +0 hunting sling
Missiles
 c - 17 poisoned darts (quivered)
 i - 12 stones
Armour
 d - a +1 ring mail (worn)
Magical Staves
 b - a staff of conjuration
Wands
 m - a wand of paralysis (11)
Potions
 f - 2 potions of flight
 k - a potion of berserk rage


   Skills:
 + Level 4.6 Fighting
 + Level 1.1 Short Blades
 + Level 1.1 Long Blades
 + Level 1.1 Axes
 + Level 1.1 Maces & Flails
 + Level 1.1 Polearms
 + Level 1.1 Staves
 + Level 1.1 Slings
 + Level 1.1 Bows
 + Level 1.1 Crossbows
 + Level 1.1 Throwing
 + Level 1.1 Armour
 + Level 2.7 Dodging
 + Level 2.5 Stealth
 + Level 2.7 Shields
 + Level 1.1 Unarmed Combat
 + Level 3.0 Spellcasting
 + Level 0.8 Conjurations
 + Level 0.8 Hexes
 + Level 0.8 Summonings
 + Level 0.8 Necromancy
 + Level 3.8 Translocations
 + Level 0.8 Transmutations
 + Level 0.8 Fire Magic
 + Level 0.8 Ice Magic
 + Level 3.8 Air Magic
 + Level 0.8 Earth Magic
 + Level 0.8 Poison Magic
 + Level 1.2 Invocations
 + Level 1.1 Evocations


You had 7 spell levels left.
You knew the following spells:

 Your Spells              Type           Power      Damage    Failure   Level
a - Blink                 Tloc           N/A        N/A       19%         2

Your spell library contained the following spells:

 Spells                   Type           Power      Damage    Failure   Level
 Gell's Gravitas          Tloc           5%         N/A       36%         3
 Lesser Beckoning         Tloc           5%         N/A       36%         3
 Teleport Other           Tloc           11%        N/A       36%         3
 Animate Skeleton         Necr           6%         N/A       41%         1
 Pain                     Necr           12%        1d4       41%         1
 Vampiric Draining        Necr           1%         2d6       78%         3
 Manifold Assault         Tloc           11%        N/A       98%         5


Dungeon Overview and Level Annotations

Branches:
Dungeon (3/15)

Altars:
Uskayaw
Xom

Annotations:
D:2 1 runed translucent door, Crazy Yiuf
D:3 Sigmund


Innate Abilities, Weirdness & Mutations

You have very sharp teeth.
Your uncanny sense of smell can sniff out nearby items.
Your experience applies equally to all skills.


Message History

Your bat is frozen.
Your bat dies!
Your bat's corpse dissolves into shadows!
The endoplasm quivers.
You barely miss the endoplasm. You bite the endoplasm.
The endoplasm is severely wounded.
The endoplasm freezes you.
You are frozen.
You hit the endoplasm.
You kill the endoplasm!
Your ball python dissolves into shadows!
A bat and Sigmund come into view.
Sigmund shouts!
You hear a shout!
The bat hits your orc.
Your orc barely misses the bat.
The bat hits you but does no damage.
Your orc hits the bat from afar with a +0 trident.
You miss the bat.
The bat is severely wounded.
The bat hits you but does no damage.
Your orc hits the bat from afar with a +0 trident.
The bat dies!
Sigmund gestures at you while chanting. The magic dart hits you.
Your orc barely misses Sigmund.
Your orc hits Sigmund with a +0 trident.
Sigmund smiles chillingly.
Your orc completely misses Sigmund.
There is a stone staircase leading up here.
Sigmund's eyes start glowing with a red light.
Your orc barely misses Sigmund.
You climb upwards.
Level annotation: 1 runed translucent door, Crazy Yiuf
There is a stone staircase leading down here.
There is an escape hatch in the floor here.
You slide downwards.
The hatch slams shut behind you.
You hear the sound of rushing water.
There is an entrance to a sewer on this level.
Hurry and find it before the portal rusts away!
Level annotation: Sigmund You hear the slow rusting of a very distant drain.
Found a stone staircase leading down.
Are you sure you want to abandon this character and quit the game? (Confirm with "yes".)

#.####### #...### #.#
#######<..#### #.#
#.........@... #.#
#####.#......†.o.# #.#
#.....#..........# #.#
#....##.<.........
#.###>...##..........#
#.......# #..........#
#####@..# #..........#
#...# #..........#
#...# ############
#####


There were no monsters in sight!

Vanquished Creatures
  2 adders (D:2)
  A worm (D:2)
  4 dart slugs
  4 endoplasms
  A giant cockroach (D:1)
  2 hobgoblins (D:2)
  4 jackals (D:1)
  2 quokkas (D:2)
  5 ball pythons
  3 bats
  3 frilled lizards
  6 goblins
  6 kobolds
  2 rats (D:1)
45 creatures vanquished.

Vanquished Creatures (collateral kills)
  A bat (D:3)
1 creature vanquished.

Grand Total: 46 creatures vanquished

Notes
Turn   | Place    | Note
-------+----------+-------------------------------------------
     0 | D:1      | Spaninq the Gnoll Wanderer began the quest for the Orb.
     0 | D:1      | Spaninq set off with the following items: a +0 spear, a +0
                  | robe; and the following spells available to memorise:
                  | Blink, Gell's Gravitas, Lesser Beckoning, Teleport Other,
                  | Manifold Assault
     0 | D:1      | Reached XP level 1. HP: 20/20 MP: 4/4
   343 | D:1      | Reached XP level 2. HP: 13/26 MP: 5/5
   352 | D:1      | Learned a level 2 spell: Blink
   757 | D:1      | Found a faded altar of an unknown god.
   798 | D:1      | Reached XP level 3. HP: 21/31 MP: 7/7
  1872 | D:2      | Reached skill level 1 in Invocations
  2180 | D:2      | Reached skill level 1 in Short Blades
  2180 | D:2      | Reached skill level 1 in Long Blades
  2180 | D:2      | Reached skill level 1 in Axes
  2180 | D:2      | Reached skill level 1 in Maces & Flails
  2180 | D:2      | Reached skill level 1 in Polearms
  2180 | D:2      | Reached skill level 1 in Staves
  2180 | D:2      | Reached skill level 1 in Slings
  2180 | D:2      | Reached skill level 1 in Bows
  2180 | D:2      | Reached skill level 1 in Crossbows
  2180 | D:2      | Reached skill level 1 in Throwing
  2180 | D:2      | Reached skill level 1 in Armour
  2180 | D:2      | Reached skill level 1 in Unarmed Combat
  2180 | D:2      | Reached skill level 1 in Evocations
  2266 | D:2      | Reached XP level 4. HP: 21/38 MP: 8/8
  3145 | D:2      | Found a hide-covered altar of Uskayaw.
  3280 | D:2      | Found a runed translucent door.
  3281 | D:2      | Noticed Crazy Yiuf
  3386 | D:3      | Found a shimmering altar of Xom.
  3458 | D:3      | Noticed Sigmund
  3492 | D:3      | Quit the game

Illustrated notes

Levels and vault maps discovered:
D:1:      erik_arrival_cave_to_civilisation [erik_arrival_cave_to_hall],
          layout_loops_ring, hellmonk_ecumenical_altar_dog_temple
D:2:      layout_loops_ring, basic_altar, minmay_misc_feat_columns,
          minivault_25, grunt_ministairs_6, nicolae_underground_beach,
          uniq_crazy_yiuf_cottage
D:3:      layout_rooms, mainiacjoe_overflow_tiny_flanked,
          mainiacjoe_overflow_alcove_2, portal_sewer_entry_e, uniq_robin,
          uniq_grinder, uniq_jessica, uniq_sigmund

Skill      XL: |  1  2  3  4 |
---------------+-------------+-----
Invocations    | 1 |  1.2
Short Blades   | 1 |  1.1
Long Blades    | 1 |  1.1
Axes           | 1 |  1.1
Maces & Flails | 1 |  1.1
Polearms       | 1 |  1.1
Staves         | 1 |  1.1
Slings         | 1 |  1.1
Bows           | 1 |  1.1
Crossbows      | 1 |  1.1
Throwing       | 1 |  1.1
Armour         | 1 |  1.1
Unarmed Combat | 1 |  1.1
Evocations     | 1 |  1.1
Spellcasting   | 3 |  3.0
Fighting       | |  4.6
Dodging        | |  2.7
Stealth        | |  2.5
Shields        | |  2.7
Conjurations   | |  0.8
Hexes          | |  0.8
Summonings     | |  0.8
Necromancy     | |  0.8
Translocations | |  3.8
Transmutations | |  0.8
Fire Magic     | |  0.8
Ice Magic      | |  0.8
Air Magic      | |  3.8
Earth Magic    | |  0.8
Poison Magic   | |  0.8

Action                   |  1- 3 |  4- 6 || total
-------------------------+-------+-------++-------
Melee: Spear             |   212 |    26 ||   238
       Bite              |    18 |     2 ||    20
       Punch             |     1 |       ||     1
 Fire: Hunting sling     |    21 |    12 ||    33
Throw: Dart              |     7 |       ||     7
  Use: Scroll            |       |     6 ||     6
 Stab: Sleeping          |     2 |       ||     2
Armor: Robe              |     6 |       ||     6
       Ring mail         |    72 |    13 ||    85
Dodge: Dodged            |   120 |    11 ||   131
